 Dungeon Crawl Stone Soup version 0.21.1-1-g345015f (webtiles) character file.

3315 kae the Insei (level 10, -3/66 HPs)
             Began as an Octopode Transmuter on May 27, 2018.
             Was an Elder of Cheibriados.
             Slain by a two-headed ogre
             ... wielding a +0 giant club
              (9 damage)
             ... on level 8 of the Dungeon.
             The game lasted 00:08:37 (7157 turns).

kae the Insei (Octopode Transmuter)                 Turns: 7157, Time: 00:08:37

Health: -3/66      AC:  1    Str: 23    XL:     10   Next: 1%
Magic:  7/17       EV: 18    Int: 25    God:    Cheibriados [****..]
Gold:   339        SH:  0    Dex: 28    Spells: 2/18 levels left

rFire    . . .     SeeInvis .     - Unarmed
rCold    + . .     Gourm    .   (shield currently unavailable)
rNeg     + + .     Faith    .   (helmet restricted)
rPois    .         Spirit   .   j - amulet of regeneration
rElec    .         Reflect  .   n - ring of the Will of the Gods {rN+ Str+2}
rCorr    .         Harm     .   (no ring)
MR       +....                  w - ring of Yluisumewn {rC+ rN+ MR+ Dex+3}
Stlth    +++.......             (no ring)
HPRegen  0.61/turn              (no ring)
MPRegen  0.15/turn              (no ring)
                                (no ring)
                                (no ring)

@: blade tentacles, very slightly contaminated, very slow
A: almost no armour, stealthy swim, amphibious, 8 rings, constrict 8, camouflage
1, gelatinous body 1
a: End Transformation, Bend Time, Temporal Distortion, Slouch, Renounce Religion


You were on level 8 of the Dungeon.
You worshipped Cheibriados.
Cheibriados was greatly pleased with you.
You were hungry.
You had blades for tentacles.
You visited 1 branch of the dungeon, and saw 8 of its levels.
You also visited: Sewer.

You collected 339 gold pieces.

Inventory:

Missiles
 a - 106 arrows
Armour
 f - a +3 buckler (melded)
Jewellery
 j - an amulet of regeneration (around mantle)
 n - the ring of the Will of the Gods (left scythe-like blade) {rN+ Str+2}
   (You found it on level 4 of the Dungeon)

   [ring of positive energy]

   It affects your strength (+2).
   It protects you from negative energy.
 w - the ring of Yluisumewn (on tentacle) {rC+ rN+ MR+ Dex+3}
   (You took it off a gnoll on level 5 of the Dungeon)

   [ring of protection from magic]

   It affects your dexterity (+3).
   It protects you from cold.
   It protects you from negative energy.
   It affects your resistance to hostile enchantments.
Wands
 d - a wand of digging (10)
Scrolls
 e - a scroll of blinking
 g - 2 scrolls of teleportation
 m - 2 scrolls of remove curse
 o - 4 scrolls of amnesia
 u - a scroll of fog
 x - a scroll of enchant armour
 A - a scroll of identify
Potions
 h - 2 potions of berserk rage
 i - a potion of flight
 k - a potion of lignification
 l - 2 potions of agility {unknown}
 p - 2 potions of might {unknown}
 q - a potion of invisibility {unknown}
 r - 3 potions of heal wounds
 s - 5 potions of curing
 t - 3 potions of brilliance {unknown}
 z - a potion of haste {unknown}
 B - a potion of ambrosia {unknown}
Books
 b - a book of Changes

   Spells                             Type                      Level
   a - Beastly Appendage              Transmutation                1
   b - Sticks to Snakes               Transmutation                2
   c - Spider Form                    Transmutation/Poison         3
   d - Ice Form                       Ice/Transmutation            4
   e - Blade Hands                    Transmutation                5
 y - Sif Muna's Grimoire of Aid
   (You found it on level 5 of the Dungeon)

   Spells                             Type                      Level
   a - Infusion                       Charms                       1
Comestibles
 c - 10 rations
 v - 3 chunks of flesh


   Skills:
 + Level 5.0 Fighting
 + Level 5.1 Dodging
 - Level 4.0 Shields
 * Level 7.8 Unarmed Combat
 + Level 4.8 Spellcasting
 * Level 7.3 Transmutations


You had 2 spell levels left.
You knew the following spells:

 Your Spells              Type           Power        Failure   Level  Hunger
a - Beastly Appendage     Tmut           #####.       11%         1    None
b - Sticks to Snakes      Tmut           #####...     13%         2    None
c - Spider Form           Tmut/Pois      ###.......   34%         3    ##.....
d - Blade Hands           Tmut           #####.....   50%         5    #####..
e - Infusion              Chrm           #...         43%         1    None
f - Ice Form              Ice/Tmut       ###.....     61%         4    ####...


Dungeon Overview and Level Annotations

Branches:
Dungeon (8/15)             Temple (0/1) D:5
   Lair: D:8-11

Altars:
Cheibriados
Dithmenos
Elyvilon
Fedhas
Makhleb
Nemelex Xobeh
Okawaru
Ru
Sif Muna
Zin
The Shining One


Innate Abilities, Weirdness & Mutations

You cannot wear most types of armour.
You are very stealthy in the water. (Stealth+)
You are amphibious.
You can wear up to eight rings at the same time.
You can use your tentacles to constrict eight enemies at once.
Your skin changes colour to match your surroundings (Stealth+).
Your rubbery body absorbs attacks. (AC +1, EV +1)


Message History

You miscast Blade Hands.
You are very lightly contaminated with residual magic.
Your skin tingles.
You are feeling hungry.
The two-headed ogre misses you.
The two-headed ogre hits you with a giant club!!
Casting: Blade Hands
Confirm with . or Enter, or press ? or * to list all spells.
Your tentacles turn into razor-sharp scythe blades.
Your +3 buckler melds into your body.
The two-headed ogre hits you with a giant club!!
The two-headed ogre completely misses you.
The two-headed ogre barely misses you.
The two-headed ogre hits you with a giant club!
* * * LOW HITPOINT WARNING * * *
You feel much better.
The two-headed ogre hits you with a giant club!!
* * * LOW HITPOINT WARNING * * *
The two-headed ogre hits you with a giant club!
You die...

#### ... ##########
###.##### #........#
#...O@..# #.######.#
#.#.###[###.#.####.#
#. #.........##.###
.. #####...........
.## #....###.### #.
#.#.## #.# # #.....
..# ###.###### #'#


You could see a two-headed ogre.

Vanquished Creatures
  Sigmund (D:2)
  A hungry ghost (D:8)
  Menkaure (D:7)
  2 water moccasins
  3 orc warriors
  An eye of draining (D:8)
  A phantom (D:7)
  3 sky beasts
  An ogre (D:4)
  2 centaurs (D:5)
  3 big kobolds (Sewer)
  3 bullfrogs
  A wyvern skeleton (D:7)
  A howler monkey (D:5)
  A crimson imp (D:7)
  2 bullfrog zombies
  5 orc priests
  5 hounds
  6 orc wizards
  A centaur skeleton (D:4)
  2 jellies (D:8)
  Terence (D:2)
  Natasha (thrice) (D:3)
  6 worker ants
  Robin (D:2)
  4 gnolls
  8 adders
  3 shadow imps
  4 oozes
  3 worms
  3 dart slugs
  4 leopard geckos
  24 orcs
  6 giant cockroaches
  9 hobgoblins
  4 jackals (D:1)
  6 quokkas
  4 ball pythons
  7 bats
  4 frilled lizards
  16 goblins
  23 kobolds
  A quokka skeleton (D:6)
  8 rats
198 creatures vanquished.

Notes
Turn   | Place    | Note
-------+----------+-------------------------------------------
     0 | D:1      | kae the Octopode Transmuter began the quest for the Orb.
     0 | D:1      | Reached XP level 1. HP: 13/13 MP: 3/3
   160 | D:1      | Reached XP level 2. HP: 14/18 MP: 5/5
   632 | D:1      | Reached XP level 3. HP: 23/23 MP: 4/6
  1196 | D:2      | Noticed Sigmund
  1201 | D:1      | Learned a level 2 spell: Sticks to Snakes
  1205 | D:1      | Learned a level 3 spell: Spider Form
  1245 | D:2      | Noticed Robin
  1314 | D:1      | Reached XP level 4. HP: 19/28 MP: 3/7
  1364 | D:2      | Killed Robin
  1433 | D:2      | Noticed Terence
  1879 | D:2      | Killed Sigmund
  1879 | D:2      | Reached skill level 1 in Shields
  1879 | D:2      | Reached XP level 5. HP: 19/35 MP: 1/8
  1879 | D:2      | Reached XP level 6. HP: 22/40 MP: 1/9
  1992 | D:2      | Killed Terence
  2030 | D:2      | Found a sacrificial altar of Ru.
  2095 | D:2      | Found an iron altar of Okawaru.
  2456 | D:3      | Found a glowing silver altar of Zin.
  2457 | D:3      | Found a shadowy altar of Dithmenos.
  2465 | D:3      | Found a burning altar of Makhleb.
  2469 | D:3      | Found a snail-covered altar of Cheibriados.
  2469 | D:3      | Found a sparkling altar of Nemelex Xobeh.
  2532 | D:3      | Became a worshipper of Cheibriados the Contemplative
  2622 | D:3      | Noticed Natasha
  2629 | D:3      | Killed Natasha
  2719 | D:3      | Noticed Natasha
  2725 | D:3      | Killed Natasha
  3163 | D:3      | Noticed Natasha
  3170 | D:3      | Killed Natasha
  3170 | D:3      | Reached XP level 7. HP: 45/45 MP: 11/11
  3257 | D:4      | Got a shimmering bronze ring
  3260 | D:4      | Identified the ring of the Will of the Gods {rN+ Str+2} (You found it on level 4 of the Dungeon)
  3356 | D:4      | Reached skill level 5 in Unarmed Combat
  3919 | D:5      | Entered Level 5 of the Dungeon
  3948 | D:5      | Reached * piety under Cheibriados
  4035 | D:5      | Reached XP level 8. HP: 33/52 MP: 9/12
  4040 | D:5      | Reached skill level 5 in Transmutations
  4096 | D:5      | Found a glowing drain.
  4134 | Sewer    | Entered a sewer
  4311 | Sewer    | Reached ** piety under Cheibriados
  4778 | D:5      | Got a serpentine jade ring
  4849 | D:5      | Found a staircase to the Ecumenical Temple.
  4860 | D:5      | Reached *** piety under Cheibriados
  4860 | D:5      | Reached XP level 9. HP: 58/58 MP: 14/14
  4886 | D:5      | Found a deep blue altar of Sif Muna.
  4907 | D:5      | Identified Sif Muna's Grimoire of Aid
  5493 | D:6      | Learned a level 5 spell: Blade Hands
  5495 | D:6      | Learned a level 1 spell: Infusion
  5500 | D:6      | Learned a level 4 spell: Ice Form
  5880 | D:6      | Found a glowing golden altar of the Shining One.
  6108 | D:6      | Identified the ring of Yluisumewn {rC+ rN+ MR+ Dex+3} (You took it off a gnoll on level 5 of the Dungeon)
  6225 | D:7      | Reached **** piety under Cheibriados
  6389 | D:7      | Found a blossoming altar of Fedhas.
  6527 | D:7      | Found a white marble altar of Elyvilon.
  6658 | D:7      | Noticed Menkaure
  6662 | D:7      | Killed Menkaure
  7018 | D:8      | Reached skill level 5 in Dodging
  7087 | D:8      | Reached XP level 10. HP: 65/65 MP: 3/17
  7136 | D:8      | Reached skill level 5 in Fighting
  7152 | D:8      | Noticed a two-headed ogre
  7157 | D:8      | Slain by a two-headed ogre

Skill      XL: |  1  2  3  4  5  6  7  8  9 10 |
---------------+-------------------------------+-----
Fighting       | 2 3 4 5 |  5.0
Transmutations | 3 4 5 7 |  7.3
Shields        | 1 2 3 4 |  4.0
Unarmed Combat | 4 5 6 7 |  7.8
Dodging        | 3 4 5 |  5.1
Spellcasting   | 3 4 |  4.8

Action                   |  1- 3 |  4- 6 |  7- 9 | 10-12 || total
-------------------------+-------+-------+-------+-------++-------
Melee: Unarmed           |    92 |   125 |   302 |     2 ||   521
       Constrict         |    17 |    24 |    53 |     1 ||    95
       Kick              |     5 |       |       |       ||     5
       Tentacles         |    11 |    20 |    81 |       ||   112
       Punch             |       |     2 |    24 |     1 ||    27
 Cast: Beastly Appendage |     6 |     1 |       |       ||     7
       Spider Form       |     2 |     2 |     3 |       ||     7
       Blade Hands       |       |       |     8 |     1 ||     9
       Infusion          |       |       |     6 |       ||     6
  Use: Potion            |     3 |       |     2 |     1 ||     6
       Scroll            |     2 |     4 |    10 |       ||    16
 Stab: Sleeping          |     6 |    12 |    10 |       ||    28
       Distracted        |       |       |     2 |       ||     2
  Eat: Chunk             |       |     7 |     9 |     1 ||    17
       Ration            |       |       |     1 |       ||     1
Armor: Skin              |    12 |     8 |    16 |       ||    36
Dodge: Dodged            |    90 |    80 |   170 |     4 ||   344
Block: Buckler           |       |     7 |    67 |       ||    74
